 Dungeon Crawl Stone Soup version 0.24-a0-201-gf205589 (webtiles) character file.

Game seed: 18180653240529122466

394 Ivan the Chopper (level 6, 0/55 HPs)
             Began as a Hill Orc Fighter on Mar 23, 2019.
             Was an Initiate of Beogh.
             Killed from afar by an orc wizard (10 damage)
             ... with a puff of flame
             ... on level 4 of the Dungeon.
             The game lasted 00:10:01 (3168 turns).

Ivan the Chopper (Hill Orc Fighter)                 Turns: 3168, Time: 00:10:02

Health: 0/55       AC:  9    Str: 21    XL:     6   Next: 81%
Magic:  6/6        EV:  6    Int:  8    God:    Beogh [......]
Gold:   286        SH: 15    Dex: 14    Spells: 5/5 levels left

rFire    . . .     SeeInvis .   a - +0 war axe
rCold    + . .     Gourm    .   v - +0 large shield
rNeg     . . .     Faith    .   b - +0 scale mail
rPois    .         Spirit   .   D - +0 helmet "Qywimeol" {Dex+4} (curse)
rElec    .         Reflect  .   t - +0 cloak
rCorr    .         Harm     .   (no gloves)
MR       .....                  (no boots)
Stlth    ..........             (no amulet)
HPRegen  0.18/turn              g - ring of protection from cold
MPRegen  0.10/turn              (no ring)

@: no status effects
A: no striking features
a: Renounce Religion


You were on level 4 of the Dungeon.
You worshipped Beogh.
Beogh was noncommittal.
You were near starving.

You visited 1 branch of the dungeon, and saw 4 of its levels.

You collected 286 gold pieces.

Inventory:

Hand Weapons
 a - a +0 war axe (weapon)
Armour
 b - a +0 scale mail (worn)
 c - a +0 shield
 t - a +0 cloak (worn)
 v - a +0 large shield (worn)
 D - the cursed +0 helmet "Qywimeol" (worn) {Dex+4}
   (You found it on level 4 of the Dungeon)

   It affects your dexterity (+4).
   It has a curse placed upon it.
Jewellery
 g - a ring of protection from cold (left hand)
 B - an uncursed ring of positive energy {unknown}
Wands
 q - a wand of paralysis (9)
Scrolls
 e - 2 scrolls of fear {unknown}
 j - 2 scrolls of magic mapping {unknown}
 l - a scroll of enchant armour {unknown}
 m - 3 scrolls of identify {unknown}
 o - a scroll of enchant weapon {unknown}
 p - 3 scrolls of fog {unknown}
 r - a scroll of remove curse {unknown}
 s - a scroll of teleportation {unknown}
 w - 3 scrolls of amnesia {unknown}
 y - a scroll of random uselessness {unknown}
Potions
 d - a potion of might
 h - 3 potions of brilliance {unknown}
 i - a potion of agility {unknown}
 k - a potion of curing {unknown}
 n - 2 potions of mutation {unknown}
 u - a potion of cancellation {unknown}
 x - a potion of haste {unknown}
 z - a potion of resistance {unknown}
 A - a potion of degeneration {unknown}
 E - 2 potions of invisibility {unknown}
Comestibles
 f - 14 rations


   Skills:
 + Level 4.9 Fighting
 + Level 6.2 Axes
 + Level 4.4 Armour
 + Level 0.7 Dodging
 + Level 4.8 Shields


You had 5 spell levels left.
You didn't know any spells.
Your spell library was empty.

Dungeon Overview and Level Annotations

Branches:
Dungeon (4/15)
 Temple: D:4-7

Altars:
Ashenzari
Dithmenos
Ru
Yredelemnul
Zin
The Shining One


Message History

A magic dart appears from out of thin air!
The magic dart hits you. Something hits you but does no damage.
You're too confused to move!
Something hits you. Something hits you. Something hits you but does no damage.
You barely miss something.
You feel less confused. Something hits you but does no damage.
Something hits you.
A magic dart appears from out of thin air!
The magic dart hits you!
* * * LOW HITPOINT WARNING * * *
Something hits you but does no damage.
You miss something.
You hear some strange, mumbled words.
A puff of flame appears from out of thin air!
The puff of flame hits you!
You die...
Beogh appreciates something's killing of a heretic priest.

.#
#.....'...'...#
#.#..#... .#
#.#####...######
#....#... .#
#........#
#....#... ##
###......#
#....#...
#......#
#....#...
+#######......#
#....#...
.......)......#
#........
........(.....#
#.#......
.......)...@..#
#.#####o#
..............#
###.## #...
.............).#
#....# #...
#####......###.#
#.#..###...
#....... .#
#......+...
#.......# .#
#...#.##...
#.......#
#.#...#......
#####...#
#.#..........
#.#...#.####.


There were no monsters in sight!

Vanquished Creatures
  An ogre (D:4)
  2 jellies (D:3)
  Crazy Yiuf (D:3)
  A worker ant (D:4)
  6 adders
  7 oozes (D:3)
  2 adder zombies (D:3)
  2 adder skeletons
  2 worms (D:3)
  2 dart slugs
  3 leopard geckos
  6 orcs
  4 giant cockroaches
  7 goblins
  5 hobgoblins
  4 jackals (D:3)
  2 quokkas
  4 ball pythons
  9 bats
  2 frilled lizards
  A giant cockroach zombie (D:3)
  2 jackal zombies (D:3)
  17 kobolds
  5 rats
97 creatures vanquished.

Vanquished Creatures (others)
  7 toadstools (D:3)
7 creatures vanquished.

Grand Total: 104 creatures vanquished

Notes
Turn   | Place    | Note
-------+----------+-------------------------------------------
     0 | D:1      | Ivan the Hill Orc Fighter began the quest for the Orb.
     0 | D:1      | Reached XP level 1. HP: 19/19 MP: 1/1
    78 | D:1      | Reached XP level 2. HP: 27/27 MP: 2/2
   106 | D:1      | Found a shattered altar of Ashenzari.
   763 | D:2      | Reached skill level 3 in Axes
   763 | D:2      | Reached XP level 3. HP: 28/33 MP: 3/3
   832 | D:2      | Found a glowing silver altar of Zin.
  1028 | D:2      | Reached skill level 4 in Axes
  1028 | D:2      | Reached XP level 4. HP: 23/40 MP: 4/4
  1034 | D:2      | Found a sacrificial altar of Ru.
  1175 | D:2      | Found a basalt altar of Yredelemnul.
  1177 | D:2      | Noticed a profane servitor
  1195 | D:2      | Found a glowing golden altar of the Shining One.
  1278 | D:2      | Found a shadowy altar of Dithmenos.
  1500 | D:2      | Noticed an angel
  1717 | D:3      | Reached XP level 5. HP: 26/47 MP: 5/5
  1722 | D:3      | Reached skill level 5 in Axes
  2147 | D:3      | Found a runed translucent door.
  2148 | D:3      | Noticed Crazy Yiuf
  2376 | D:3      | Reached XP level 6. HP: 53/53 MP: 6/6
  2467 | D:3      | Paralysed by Crazy Yiuf for 2 turns
  2472 | D:3      | Killed Crazy Yiuf
  2516 | D:4      | Got a pitted helmet
  2522 | D:4      | Identified the cursed +0 helmet "Qywimeol" {Dex+4} (You
                  | found it on level 4 of the Dungeon)
  2601 | D:4      | Became a worshipper of Beogh the Brigand
  2638 | D:4      | Reached skill level 6 in Axes
  3168 | D:4      | Killed from afar by an orc wizard

Levels and vault maps discovered:
D:1:      roderic_dead_forest, layout_basic, evilmike_ruin_ashenzari
D:2:      layout_loops_ring, grunt_temple_overflow_holy_war,
          lemuel_crystal_altar, nicolae_ru_awakened_eye,
          nicolae_dithmenos_through_a_glass_darkly, minmay_close_crescents
D:3:      cheibrodos_fertilizer, layout_basic, serial_undead, serial_undead_f,
          serial_undead_b, serial_undead_c, serial_undead_e, serial_undead_a,
          serial_undead_f, uniq_crazy_yiuf_cottage
D:4:      layout_basic, first_ration, minmay_statues_item

Skill      XL: |  1  2  3  4  5  6 |
---------------+-------------------+-----
Fighting       | 4 |  4.9
Axes           | 3 4 5 6 |  6.2
Shields        | 4 |  4.8
Armour         | 4 |  4.4
Dodging        | |  0.7

Action                   |  1- 3 |  4- 6 || total
-------------------------+-------+-------++-------
Melee: War axe           |   124 |   194 ||   318
Invok: Convert to Beogh  |       |     1 ||     1
  Eat: Chunk             |       |     6 ||     6
Armor: Scale mail        |    69 |   109 ||   178
Dodge: Dodged            |    58 |    36 ||    94
Block: Shield            |    65 |     9 ||    74
       Large shield      |       |   144 ||   144

Table legend:
 A = Non-vault XP
 B = Vault XP
 C = Vault XP percentage of total XP
 D = Non-vault monster count
 E = Vault monster count
 F = Vault count percentage of total count
                 A         B        C        D         E       F
            +---------+---------+-------+---------+---------+-------
      Total |     355 |     208 |  36.9 |      70 |      27 |  27.8
            +---------+---------+-------+---------+---------+-------
        D:1 |      24 |       0 |   0.0 |      15 |       0 |   0.0
        D:2 |      65 |       8 |  11.0 |      19 |       5 |  20.8
        D:3 |      68 |     200 |  74.6 |      23 |      22 |  48.9
        D:4 |     198 |       0 |   0.0 |      13 |       0 |   0.0
            +---------+---------+-------+---------+---------+-------
